 Dungeon Crawl Stone Soup version 0.27.1 (webtiles) character file.

Game seed: 13901122573857607396

9210 SkeletonJelly the Carver (level 11, -11/82 HPs)
             Began as a Red Draconian Monk on Aug 22, 2021.
             Was an Elder of Makhleb.
             Mangled by a komodo dragon (14 damage)
             ... on level 11 of the Dungeon.
             The game lasted 00:23:35 (13081 turns).

SkeletonJelly the Carver (Red Draconian Monk)      Turns: 13081, Time: 00:23:35

Health: -11/82     AC: 11    Str: 17    XL:     11   Next: 20%
Magic:  28/28      EV: 12    Int: 10    God:    Makhleb [****..]
Gold:   422        SH:  0    Dex: 14    Spells: 10/10 levels left

rFire    + . .     SeeInvis +   M - +4 scimitar of Dung {vorpal, rC++ SInv Stlth+}
rCold    + + .     Faith    .   (no shield)
rNeg     . . .     Spirit   .   (armour unavailable)
rPois    .         Reflect  .   (helmet restricted)
rElec    .         Harm     .   K - +2 cloak
rCorr    +         Rampage  .   l - +0 pair of gloves
Will     .....                  (no boots)
Stlth    +++.......             z - amulet of the acrobat
HPRegen  0.23/turn              G - ring of resist corrosion
MPRegen  0.21/turn              J - ring of magical power

@: short of breath
A: breathe fire, AC +7, unfitting armour, fire resistance 1, cold-blooded
a: Breathe Fire, Renounce Religion, Minor Destruction, Lesser Servant of
Makhleb, Major Destruction


You were on level 11 of the Dungeon.
You worshipped Makhleb.
Makhleb was greatly pleased with you.
You visited 1 branch of the dungeon, and saw 11 of its levels.
You also visited: Sewer.

You collected 745 gold pieces.
You spent 323 gold pieces at shops.

Inventory:

Hand Weapons
 a - a +2 triple sword of holy wrath
 h - a +0 long sword
 u - the +3 long sword "Bung" {spect, *Corrode rN+ Will+ Int+7}
   (You found it on level 4 of the Dungeon)

   When its wielder attacks, the weapon's spirit leaps out and strikes again.
   The spirit shares a part of any damage it takes with its wielder.
   Int:       It affects your intelligence (+7).
   rN:        It protects you from negative energy.
   *Corrode:  It may corrode you when you take damage.
   Will:      It increases your willpower.
 B - a +0 great sword of electrocution
 C - a +2 dagger of venom
 M - the +4 scimitar of Dung (weapon) {vorpal, rC++ SInv Stlth+}
   (You bought it in a shop on level 8 of the Dungeon)

   It inflicts extra damage upon your enemies.
   rC:        It greatly protects you from cold.
   SInv:      It lets you see invisible.
   Stlth:     It makes you more stealthy.
 N - the +8 falchion of Ochosa {antimagic, rN+ Stlth+}
   (You bought it in a shop on level 8 of the Dungeon)

   It reduces the magical energy of the wielder, and disrupts the spells and
   magical abilities of those it strikes.
   Natural abilities and divine invocations are not affected.
   rN:        It protects you from negative energy.
   Stlth:     It makes you more stealthy.
Missiles
 m - 72 poisoned darts
 A - 3 throwing nets
 I - a curare-tipped dart
Armour
 l - a +0 pair of gloves (worn)
 K - a +2 cloak (worn)
Magical Staves
 f - a staff of cold
Jewellery
 k - a ring of ice
 x - a ring of see invisible
 z - an amulet of the acrobat (around neck)
 G - a ring of resist corrosion (left hand)
 J - a ring of magical power (right hand)
Wands
 w - a wand of iceblast (6)
 D - a wand of flame (15)
 L - a wand of digging (2)
Scrolls
 b - a scroll of fear
 i - 8 scrolls of identify
 j - 2 scrolls of noise
 t - a scroll of enchant armour
 v - a scroll of holy word
 y - a scroll of silence {unknown}
 F - a scroll of teleportation
 P - 2 scrolls of amnesia {unknown}
 Q - a scroll of magic mapping
Potions
 c - 3 potions of flight {unknown}
 d - 5 potions of haste
 e - 5 potions of curing
 g - 4 potions of resistance {unknown}
 n - a potion of magic {unknown}
 o - 2 potions of invisibility {unknown}
 p - 3 potions of heal wounds {unknown}
 q - a potion of might {unknown}
 r - a potion of brilliance {unknown}
 s - 2 potions of lignification {unknown}
 E - 3 potions of berserk rage {unknown}
 H - 2 potions of degeneration {unknown}
 O - 2 potions of mutation {unknown}


   Skills:
 - Level 3.2 Fighting
 - Level 14.0 Long Blades
 + Level 2.6 Dodging
 - Level 1.7 Stealth
 + Level 11.1 Invocations


You had 10 spell levels left.
You didn't know any spells.
Your spell library contained the following spells:

 Spells                   Type           Power      Damage    Failure   Level
 Ensorcelled Hibernation  Hex/Ice        0%         N/A       50%         2
 Gell's Gravitas          Tloc           0%         N/A       75%         3
 Lesser Beckoning         Tloc           0%         N/A       75%         3
 Spider Form              Tmut/Pois      0%         N/A       75%         3
 Teleport Other           Tloc           0%         N/A       75%         3
 Olgreb's Toxic Radiance  Pois           0%         N/A       98%         4
 Summon Forest            Summ/Tloc      0%         N/A       100%        5
 Summon Mana Viper        Hex/Summ       0%         N/A       100%        5
 Shadow Creatures         Summ           N/A        N/A       100%        6
 Ozocubu's Refrigeration  Ice            0%         4d5       100%        7
 Ignition                 Fire           0%         3d3       100%        8


Dungeon Overview and Level Annotations

Branches:
Dungeon (11/15)            Temple (0/1) D:5             Orc (0/2) D:10
  Sewer (visited)
   Lair: D:8-11

Altars:
Gozag
Hepliaklqana
Makhleb
Nemelex Xobeh
Trog
Xom
Yredelemnul
Zin

Shops:
D:8 ([*   D:9 *


Innate Abilities, Weirdness & Mutations

You can breathe blasts of fire.
Your fiery red scales are hard. (AC +7)
You cannot fit into any form of body armour.
Your flesh is heat resistant. (rF+)
You are cold-blooded and may be slowed by cold attacks.


Message History

You closely miss the troll.
The troll is severely wounded.
A komodo dragon comes into view.
The troll barely misses you. The troll closely misses you.
The troll claws you but does no damage.
You closely miss the troll.
The troll is heavily wounded.
You closely miss the troll.
The troll is heavily wounded.
The troll bites you! The troll claws you.
The troll claws you but does no damage.
You closely miss the troll.
The troll is heavily wounded.
The troll bites you!
* * * LOW HITPOINT WARNING * * *
The troll claws you.
* * * LOW HITPOINT WARNING * * *
The troll claws you!
* * * LOW HITPOINT WARNING * * *
You closely miss the troll.
The troll is heavily wounded.
The troll closely misses you. The troll misses you.
The troll barely misses you.
As you read the scroll of fear, it crumbles to dust.
You assume a fearsome visage.
The komodo dragon looks frightened!
The plant is unaffected. x8; The troll looks frightened!
Press: ? - help, Shift-Dir - straight line, f - troll
Aim: a troll (heavily wounded, fleeing)
Okay, then.
Unknown command.
There is a stone staircase leading up here.
You climb upwards.
There is a stone staircase leading down here.
Key pressed, stopping explore.
Key pressed, stopping explore.
Key pressed, stopping explore.
Key pressed, stopping explore.
Key pressed, stopping explore.
HP restored.
Done exploring.
Done exploring.
You climb downwards.
There is a stone staircase leading up here.
Things that are here:
a +0 robe; a +0 dagger Key pressed, stopping explore.
Key pressed, stopping explore.
Found a scroll of magic mapping.
Found an escape hatch in the ceiling.
Found a yellow potion.
Found a stone staircase leading up.
No target in view!
No target in view!
Found 16 sling bullets.
Found a scroll labelled RICRUI MUOKHUMN.
Q - a scroll of magic mapping
P - 2 scrolls labelled RICRUI MUOKHUMN (gained 1)
s - 2 yellow potions (gained 1) Key pressed, stopping explore.
A komodo dragon is nearby!
A komodo dragon is nearby!
The komodo dragon hisses angrily.
You hit the komodo dragon.
The komodo dragon is lightly wounded.
The komodo dragon bites you!!
You slash the komodo dragon!
You tail-slap the komodo dragon, but do no damage.
The komodo dragon is moderately wounded.
You hit the komodo dragon.
The komodo dragon is moderately wounded.
The komodo dragon closely misses you.
You riposte.
You barely miss the komodo dragon.
The komodo dragon is moderately wounded.
You closely miss the komodo dragon.
You tail-slap the komodo dragon, but do no damage.
The komodo dragon is moderately wounded.
The komodo dragon misses you.
You hit the komodo dragon.
Your tail-slap misses the komodo dragon.
The komodo dragon is heavily wounded.
You hit the komodo dragon but do no damage.
The komodo dragon is heavily wounded.
The komodo dragon bites you!
You hit the komodo dragon but do no damage.
You tail-slap the komodo dragon.
The komodo dragon is heavily wounded.
The komodo dragon bites you!
You are too injured to fight recklessly!
You are too injured to fight recklessly!
You are too injured to fight recklessly!
You are too injured to fight recklessly!
You are too injured to fight recklessly!
You are too injured to fight recklessly!
Press: ? - help, Shift-Dir - straight line, f - komodo dragon
Aim: a komodo dragon (heavily wounded)
You breathe a blast of fire.
The fiery breath hits the komodo dragon.
The komodo dragon is heavily wounded.
The komodo dragon bites you!!
* * * LOW HITPOINT WARNING * * *
A demon appears!
The komodo dragon bites you!
You die...

#...#####.......###....#...##
##.....##.......##....##....#
##...................###....
#.....#............###.....
#....#.....................
#....##..........###.....>.
##...###...4......##..#....
##..##..........###.##....
#........@l.☼#..# #.###.#.
##...#.......######.# ###.
######.......####...###..
##......##.......###.
##......###.####...#..
#.......#....# #.###.
##............####.#...
#..............##...#..
##.........####.....##..


You could see a komodo dragon (ally target) and a friendly orange demon
(summoned).

Vanquished Creatures
  A boulder beetle (D:11)
  3 two-headed ogres
  A manticore (D:10)
  A troll (D:11)
  A shadow (D:11)
  8 yaks
  A wyvern (D:9)
  4 vampire mosquitoes
  A steam dragon (D:9)
  2 water moccasins
  2 orc warriors
  4 sky beasts
  A necrophage (D:6)
  3 ogres
  4 centaurs
  3 kobold brigands (D:7)
  5 bullfrogs
  2 scorpions (D:5)
  A gnoll sergeant (D:6)
  4 killer bees (D:10)
  3 wights (D:8)
  An electric eel (D:8)
  4 centaur zombies
  A jelly (D:7)
  A gnoll shaman (D:8)
  3 orc priests
  An iguana (D:6)
  7 orc wizards
  A howler monkey zombie (D:7)
  12 gnolls
  5 adders
  A howler monkey skeleton (D:7)
  A shadow imp (D:7)
  An ufetubus (D:5)
  4 worms
  A dart slug (D:2)
  21 orcs
  9 bats
  5 endoplasms
  6 giant cockroaches
  7 goblins
  5 hobgoblins
  5 jackals (D:2)
  5 ball pythons
  5 frilled lizards
  24 kobolds
  4 rats
  A spectral hobgoblin (D:7)
  A spectral orc (D:3)
197 creatures vanquished.

Vanquished Creatures (collateral kills)
  2 yaks (D:10)
  A vampire mosquito (D:10)
  An orc warrior (D:7)
  Blork the orc (D:5)
  A scorpion (D:3)
  2 orc priests (D:7)
  An orc wizard (D:11)
  2 orcs
  A kobold (D:7)
12 creatures vanquished.

Vanquished Creatures (others)
  A fungus (D:2)
  22 plants (D:11)
23 creatures vanquished.

Grand Total: 232 creatures vanquished

Notes
Turn   | Place    | Note
-------+----------+-------------------------------------------
     0 | D:1      | SkeletonJelly the Draconian Monk began the quest for the
                  | Orb.
     0 | D:1      | Reached XP level 1. HP: 19/19 MP: 1/1
    29 | D:1      | Reached XP level 2. HP: 7/26 MP: 2/2
   530 | D:1      | Reached skill level 4 in Long Blades
   753 | D:2      | Reached XP level 3. HP: 30/31 MP: 3/3
   998 | D:2      | Found a faded altar of an unknown god.
  1010 | D:2      | Became a worshipper of Makhleb the Destroyer
  1010 | D:2      | Reached * piety under Makhleb
  1010 | D:2      | Reached ** piety under Makhleb
  1557 | D:2      | Reached *** piety under Makhleb
  1681 | D:3      | Noticed a scorpion
  1684 | D:3      | Killed a scorpion
  1685 | D:3      | Reached skill level 1 in Invocations
  1685 | D:3      | Reached XP level 4. HP: 34/38 MP: 4/4
  1914 | D:3      | Reached skill level 5 in Long Blades
  1983 | D:3      | Found a basalt altar of Yredelemnul.
  2081 | D:3      | Found a glowing drain.
  2094 | Sewer    | Entered a sewer
  2720 | D:3      | Reached XP level 5. HP: 45/45 MP: 6/6
  2752 | D:3      | Found a sparkling altar of Nemelex Xobeh.
  2966 | D:3      | Found Toinit's Antique Armour Shop.
  3195 | D:4      | Reached **** piety under Makhleb
  3525 | D:4      | Identified the +3 long sword "Bung" {spect, *Corrode rN+
                  | Will+ Int+7}
  3944 | D:5      | Entered Level 5 of the Dungeon
  4083 | D:5      | Found a staircase to the Ecumenical Temple.
  4089 | D:5      | Noticed Blork the orc
  4097 | D:5      | Killed Blork the orc
  4098 | D:5      | Reached skill level 6 in Long Blades
  4226 | D:5      | Found an opulent altar of Gozag.
  4307 | D:5      | Reached XP level 6. HP: 51/51 MP: 8/8
  4361 | D:5      | Found a burning altar of Makhleb.
  4948 | D:6      | Reached skill level 7 in Long Blades
  4948 | D:6      | Your scales start taking on a fiery red colour.
  4948 | D:6      | Reached XP level 7. HP: 43/57 MP: 8/10
  4948 | D:6      | Gained mutation: Your flesh is heat resistant. (rF+) [Red
                  | Draconian growth]
  5432 | D:6      | Reached skill level 8 in Long Blades
  5537 | D:6      | Found a glowing silver altar of Zin.
  5876 | D:7      | Noticed a two-headed ogre
  5882 | D:7      | Killed a two-headed ogre
  5883 | D:7      | Reached skill level 9 in Long Blades
  5883 | D:7      | Reached XP level 8. HP: 59/63 MP: 10/12
  5995 | D:7      | Found a bloodstained altar of Trog.
  6000 | D:7      | Reached skill level 10 in Long Blades
  6090 | D:7      | Reached XP level 9. HP: 48/70 MP: 14/14
  6464 | D:7      | Found a hazy altar of Hepliaklqana.
  6819 | D:7      | Reached skill level 11 in Long Blades
  7749 | D:8      | Found Fuet's Lightly-Used Armoury.
  8329 | D:8      | Found Xaydun's Antique Weapon Shop.
  8331 | D:8      | Found Ryeror's Antique Armour Shoppe.
  8371 | D:8      | Noticed a two-headed ogre
  8383 | D:8      | Killed a two-headed ogre
  8384 | D:8      | Reached skill level 12 in Long Blades
  8724 | D:8      | Reached XP level 10. HP: 76/77 MP: 16/16
  8841 | D:8      | Bought a fading scimitar for 171 gold pieces
  8841 | D:8      | Identified the +4 scimitar of Dung {vorpal, rC++ SInv
                  | Stlth+} (You bought it in a shop on level 8 of the Dungeon)
  9174 | D:8      | Bought an ancient falchion for 152 gold pieces
  9174 | D:8      | Identified the +8 falchion of Ochosa {antimagic, rN+
                  | Stlth+} (You bought it in a shop on level 8 of the Dungeon)
  9279 | D:9      | Identified a scroll of acquirement
  9279 | D:9      | Acquired a +2 triple sword of holy wrath
  9572 | D:9      | Found Ytupis's General Store.
 10219 | D:10     | Entered Level 10 of the Dungeon
 10395 | D:10     | Noticed a manticore
 10404 | D:10     | Killed a manticore
 10662 | D:10     | Reached skill level 13 in Long Blades
 10974 | D:9      | Reached skill level 10 in Invocations
 11971 | D:10     | Found a shimmering altar of Xom.
 12008 | D:10     | Found a staircase to the Orcish Mines.
 12152 | D:11     | Reached XP level 11. HP: 82/82 MP: 18/18
 12210 | D:11     | Noticed a boulder beetle
 12236 | D:11     | Killed a boulder beetle
 12409 | D:11     | Reached skill level 14 in Long Blades
 12411 | D:11     | Noticed a two-headed ogre
 12436 | D:11     | Killed a two-headed ogre
 12625 | D:11     | HP: 1/82 [troll (9)]
 13081 | D:11     | Mangled by a komodo dragon

Illustrated notes

Levels and vault maps discovered:
D:1:      ebering_trefoil_3fold, layout_rooms
D:2:      minmay_wonky_spiral, layout_loops_cross,
          shapermc_ecumenical_altar_mp_urbaneastern
D:3:      layout_basic, yredelemnul_forgotten_temple_becter,
          nemelex_dance_club_becter, portal_sewer_entry_a, serial_shops, shop
D:4:      layout_gridville
D:5:      layout_basic, mainiacjoe_overflow_alcove_1, bloody_makhleb,
          minmay_temple_entry_slanted, fountainhead, hangedman_decor_slide_cut,
          kennysheep_flooded_box, uniq_blork_the_orc
D:6:      layout_gridville, mainiacjoe_overflow_alcove_2
D:7:      kennysheep_six_static_rooms, layout_basic,
          nicolae_hepliaklqana_monster_ancestors, trog_antimagical,
          serial_rivers, chequers_serial_rivers_room_a,
          chequers_serial_rivers_micro_e, chequers_serial_rivers_micro_b,
          chequers_serial_rivers_large_a, chequers_serial_rivers_small_a,
          chequers_serial_rivers_small_3
D:8:      layout_basic, minmay_shop_damaged, nicolae_wooded_promenade,
          kennysheep_generic_room_3
D:9:      layout_basic, serial_shops,
          nicolae_shop_temple_entry_statues_fountains
D:10:     layout_small_grid, mainiacjoe_overflow_alcove_4
D:11:     layout_cave_pools, david_lair_shrubbed

Skill      XL: |  1  2  3  4  5  6  7  8  9 10 11 |
---------------+----------------------------------+-----
Long Blades    | 4 5 6 7 9 10 12 13 14 | 14.0
Invocations    | 1 2 3 4 6 7 8 10 11 | 11.1
Fighting       | |  3.2
Dodging        | |  2.6
Stealth        | |  1.7

Action                   |  1- 3 |  4- 6 |  7- 9 | 10-12 || total
-------------------------+-------+-------+-------+-------++-------
Melee: Falchion          |    50 |       |       |       ||    50
       Tailslap          |    11 |    21 |    19 |    39 ||    90
       Long sword        |    35 |   130 |    99 |    43 ||   307
       Scimitar          |       |       |       |   130 ||   130
Throw: Dart              |       |       |     1 |     3 ||     4
Invok: Lesser Servant of |     1 |     1 |     2 |     6 ||    10
       Minor Destruction |       |     8 |     6 |    18 ||    32
 Abil: Breathe Fire      |       |       |     7 |     5 ||    12
  Use: Scroll            |       |     2 |     1 |     8 ||    11
       Potion            |       |       |     2 |     2 ||     4
 Stab: Sleeping          |     4 |     6 |     2 |     2 ||    14
       Distracted        |       |       |     2 |     1 ||     3
Armor: Skin              |    28 |    48 |    19 |    67 ||   162
Dodge: Dodged            |    66 |   101 |    73 |   133 ||   373
       Rpst.: Falchion   |     9 |       |       |       ||     9
       Long sword        |    12 |    31 |    15 |     6 ||    64
       Scimitar          |       |       |       |    27 ||    27
